 Dungeon Crawl Stone Soup version 0.22.1-1-ga44c0e56f4 (webtiles) character file.

46 Riddle the Skirmisher (level 3, 25/27 HPs)
             Began as a Formicid Chaos Knight on Sept 21, 2018.
             Quit the game on level 2 of the Dungeon.
             The game lasted 00:01:39 (1111 turns).

Riddle the Skirmisher (Formicid Chaos Knight)       Turns: 1111, Time: 00:01:39

Health: 25/27      AC:  5    Str: 17    XL:     3   Next: 95%
Magic:  3/3        EV: 11    Int:  9    God:    Xom [......]
Gold:   94         SH:  0    Dex: 10    Spells: 2/2 levels left

rFire    . . .     SeeInvis +   a - +0 hand axe (chaos)
rCold    . . .     Gourm    .   (no shield)
rNeg     . . .     Faith    .   b - +2 leather armour
rPois    .         Spirit   .   (helmet unavailable)
rElec    .         Reflect  .   (no cloak)
rCorr    .         Harm     .   (no gloves)
MR       .....                  (no boots)
Stlth    +.........             (no amulet)
HPRegen  0.09/turn              (no ring)
MPRegen  0.08/turn              (no ring)

@: no status effects
A: permanent stasis, dig shafts and tunnels, four strong arms, antennae 3, dopey
1, frail 1
a: Dig, Shaft Self, Renounce Religion


You were on level 2 of the Dungeon.
You worshipped Xom.
You were a very special plaything of Xom.
You were not hungry.

You visited 1 branch of the dungeon, and saw 2 of its levels.

You collected 94 gold pieces.

Inventory:

Hand Weapons
 a - a +0 hand axe of chaos (weapon)
Armour
 b - a +2 leather armour (worn)
Scrolls
 d - a scroll of enchant armour {unknown}
 e - 3 scrolls of immolation {unknown}
 h - a scroll of fear {unknown}
 k - a scroll of identify {unknown}
 l - 2 scrolls of teleportation {unknown}
Potions
 f - a potion of resistance {unknown}
 g - a potion of curing {unknown}
 i - a potion of flight {unknown}
 j - a potion of heal wounds {unknown}
Comestibles
 c - 3 rations


   Skills:
 + Level 3.8 Fighting
 + Level 3.4 Axes
 + Level 2.8 Armour
 + Level 1.6 Dodging


You had 2 spell levels left.
You didn't know any spells.
Your spell library was empty.

Dungeon Overview and Level Annotations

Branches:
Dungeon (2/15)

Altars:


Innate Abilities, Weirdness & Mutations

You cannot be hasted, slowed, berserked, paralysed or teleported.
You can dig through walls and to a lower floor.
Your four strong arms can wield two-handed weapons with a shield.
You have a pair of large antennae on your head. (SInv)
You are dopey. (Int -2)
You are frail. (-10% HP)


Message History

You slash the adder!
The adder is heavily wounded.
The adder bites you but does no damage. x2
You closely miss the adder.
The adder is heavily wounded.
The adder closely misses you.
You closely miss the adder.
The adder is heavily wounded.
The adder bites you. The adder barely misses you.
You closely miss the adder.
The adder is heavily wounded.
The adder closely misses you.
All of the chunks of flesh in your inventory have rotted away.
You barely miss the adder.
The adder is heavily wounded.
The adder bites you but does no damage. The adder misses you.
You hit the adder. You freeze the adder.
You kill the adder!
No target in view!
Are you sure you want to abandon this character and quit the game? (Confirm

####.###### #...... #....†....#
#.##### #.........# #.# #..
#.).......# #(# #.. #..†......#
#.###.. #.........# #......
#.........# #......
#########.###### #......
.......@..# #.)....
....##################...... #
.#.#########............... ..
........................>#
##.####.######.♣#...♣.....######
..!........# #.♣♣.♣♣♣♣♣.♣..#
#..........# #.♣♣♣.♣♣♣♣♣...#
#..........# #.♣♣.♣♣♣.♣♣♣..#
#.....†....###.♣♣_.♣...♣.♣.#


There were no monsters in sight!

Vanquished Creatures
  An adder (D:2)
  A worm (D:2)
  A dart slug (D:1)
  A leopard gecko (D:2)
  A giant cockroach (D:1)
  6 goblins (D:1)
  3 hobgoblins
  3 kobolds
  A quokka (D:2)
  8 bats
  A frilled lizard (D:2)
  3 rats
30 creatures vanquished.

Notes
Turn   | Place    | Note
-------+----------+-------------------------------------------
     0 | D:1      | Riddle the Formicid Chaos Knight began the quest for the
                  | Orb.
     0 | D:1      | Reached XP level 1. HP: 18/18 MP: 1/1
    45 | D:1      | XOM: harmless Necr miscast
    47 | D:1      | Reached skill level 1 in Dodging
   161 | D:1      | Reached XP level 2. HP: 21/24 MP: 2/2
   189 | D:1      | XOM: harmless Conj miscast
   482 | D:1      | XOM: potion effect (invisibility)
   489 | D:1      | Reached XP level 3. HP: 28/29 MP: 3/3
   800 | D:2      | Found a faded altar of an unknown god.
   818 | D:2      | XOM is BORED!
   818 | D:2      | XOM: mild Summ miscast
  1083 | D:2      | XOM: give mutations
  1083 | D:2      | Gained mutation: You are frail. (-10% HP) [Xom's mischief]
  1083 | D:2      | Gained mutation: You occasionally shout uncontrollably at
                  | your foes. [Xom's mischief]
  1083 | D:2      | Lost mutation: You occasionally shout uncontrollably at
                  | your foes. [Xom's mischief]
  1083 | D:2      | Gained mutation: You are dopey. (Int -2) [Xom's mischief]
  1111 | D:2      | Quit the game

Skill      XL: |  1 |
---------------+----+-----
Dodging        | 1 |  1.6
Fighting       | |  3.8
Axes           | |  3.4
Armour         | |  2.8

Action                   || total
-------------------------++-------
Melee: Hand axe          ||    90
 Stab: Paralysed         ||     4
       Petrified         ||     2
  Eat: Chunk             ||     1
Armor: Leather armour    ||    28
Dodge: Dodged            ||    59
